 Dungeon Crawl Stone Soup version 0.22-a0-612-gd2f0174 (webtiles) character file.

1308 sking99 the Ruffian (level 8, -3/79 HPs)
             Began as a Troll Monk on July 11, 2018.
             Was a Believer of Makhleb.
             Slain by an orc warrior
             ... wielding a +0 scimitar
              (23 damage)
             ... on level 6 of the Dungeon.
             The game lasted 00:08:48 (4370 turns).

sking99 the Ruffian (Troll Monk)                    Turns: 4370, Time: 00:08:48

Health: -3/79      AC:  5    Str: 20    XL:     8   Next: 32%
Magic:  7/7        EV: 12    Int:  8    God:    Makhleb [**....]
Gold:   251        SH:  0    Dex: 12    Spells: 7/7 levels left

rFire    + . .     SeeInvis .     - Unarmed
rCold    x . .     Gourm    +   (no shield)
rNeg     . . .     Faith    .   a - +0 robe
rPois    +         Spirit   .   (helmet restricted)
rElec    .         Reflect  .   (no cloak)
rCorr    .         Harm     .   (gloves unavailable)
MR       .....                  (boots unavailable)
Stlth    ++........             (no amulet)
HPRegen  0.63/turn              s - ring of poison resistance
MPRegen  0.10/turn              x - ring of fire

@: no status effects
A: large, unfitting armour, claws 3, fast metabolism 3, gourmand, regeneration
1, shaggy fur 1, tough skin 2
a: Minor Destruction, Renounce Religion


You were on level 6 of the Dungeon.
You worshipped Makhleb.
Makhleb was pleased with you.
You were very full.

You visited 2 branches of the dungeon, and saw 7 of its levels.
You also visited: Sewer.

You collected 251 gold pieces.

Inventory:

Armour
 a - a +0 robe (worn)
Jewellery
 s - a ring of poison resistance (left claw)
 x - a ring of fire (right claw)
Wands
 u - a wand of flame (33)
Scrolls
 e - 3 scrolls of teleportation
 f - 2 scrolls of magic mapping
 h - a scroll of amnesia {unknown}
 j - 3 scrolls of remove curse
 k - 2 scrolls of enchant weapon
 r - a scroll of enchant armour {unknown}
Potions
 c - 2 potions of lignification {unknown}
 d - 2 potions of berserk rage
 g - 2 potions of invisibility
 i - 2 potions of heal wounds
 l - 2 potions of ambrosia {unknown}
 m - 2 potions of curing {unknown}
 n - a potion of degeneration {unknown}
 o - a potion of mutation {unknown}
 p - 2 potions of magic {unknown}
 q - 2 potions of flight {unknown}
 t - a potion of resistance {unknown}
 v - a potion of brilliance {unknown}
 w - 3 potions of agility {unknown}
Comestibles
 b - 13 rations
 z - 4 chunks of flesh


   Skills:
 + Level 4.8 Fighting
 + Level 4.8 Dodging
 - Level 1.0 Stealth
 * Level 7.8 Unarmed Combat


You had 7 spell levels left.
You didn't know any spells.
Your spell library was empty.

Dungeon Overview and Level Annotations

Branches:
Dungeon (6/15)             Temple (1/1) D:5

Altars:
Ashenzari
Cheibriados
Dithmenos
Elyvilon
Fedhas
Gozag
Hepliaklqana
Kikubaaqudgha
Makhleb
Nemelex Xobeh
Okawaru
Qazlal
Sif Muna
Trog
Uskayaw
Vehumet
Wu Jian
Xom
Yredelemnul

Shops:
D:4 ?


Innate Abilities, Weirdness & Mutations

You are too large for most types of armour.
You have claws for hands.
Your metabolism is lightning-fast.
You like to eat raw meat.
Your natural rate of healing is unusually fast.
You are covered in fur. (AC +1)
You have very tough skin. (AC +2)


Message History

You claw the orc warrior!
The orc warrior is heavily wounded.
The orc warrior hits you with a scimitar!
You scratch the orc warrior but do no damage.
The orc warrior is heavily wounded.
The orc warrior hits you with a scimitar!
You scratch the orc warrior. Your claw misses the orc warrior.
The orc warrior is severely wounded.
You are no longer corroded.
You barely miss the orc warrior. Your claw misses the orc warrior.
The orc warrior is severely wounded.
The orc warrior hits you with a scimitar!!
* * * LOW HITPOINT WARNING * * *
The orc priest calls down the wrath of Beogh upon you.
Beogh smites you!
* * * LOW HITPOINT WARNING * * *
The orc priest looks braver for a moment.
There is a stone staircase leading up here.
The orc warrior hits you with a scimitar!!
You die...

#########
#########.......#
####.......#.......#
#..................##
#.........oo>........
#...@oo.o.oo.........
##########.#.........
####.#......._[
###....#o####....
#....###.####....
#....# #.o.o.oo..
#....# #.#####o_.
#....# #.#####...
#....# #......รท))


You could see an orc warrior, an orc priest and 5 orcs.

Vanquished Creatures
  A human (D:4)
  An orc warrior (D:6)
  4 ogres
  A crocodile (Sewer)
  2 centaurs (D:5)
  An orc wizard (D:4)
  6 orc priests
  A human zombie (D:4)
  A jelly (D:6)
  An iguana (D:5)
  A worker ant (D:5)
  A hound zombie (D:5)
  A worker ant zombie (D:6)
  A howler monkey skeleton (D:5)
  7 adders
  A river rat (D:4)
  An ooze (D:2)
  4 worms
  A dart slug (D:2)
  8 leopard geckos
  9 orcs
  3 giant cockroaches
  5 goblins
  4 hobgoblins
  4 jackals
  3 quokkas
  3 ball pythons
  8 bats
  4 frilled lizards
  8 kobolds
  A kobold skeleton (D:4)
  A leopard gecko skeleton (D:4)
  8 rats
106 creatures vanquished.

Vanquished Creatures (others)
  A human (D:2)
1 creature vanquished.

Grand Total: 107 creatures vanquished

Notes
Turn   | Place    | Note
-------+----------+-------------------------------------------
     0 | D:1      | sking99 the Troll Monk began the quest for the Orb.
     0 | D:1      | Reached XP level 1. HP: 22/22 MP: 0/0
   155 | D:1      | Reached XP level 2. HP: 29/29 MP: 1/1
   755 | D:2      | Reached XP level 3. HP: 34/36 MP: 2/2
  1162 | D:2      | Reached skill level 4 in Unarmed Combat
  1185 | D:2      | Found an ancient bone altar of Kikubaaqudgha.
  1186 | D:2      | Noticed a human
  1188 | D:2      | Killed a human
  1361 | D:3      | Reached XP level 4. HP: 44/44 MP: 3/3
  1688 | D:3      | Reached XP level 5. HP: 53/53 MP: 4/4
  2197 | D:4      | Found Jootor's Magic Scroll Shop.
  2389 | D:4      | Reached skill level 5 in Unarmed Combat
  2402 | D:4      | Found a glowing drain.
  2407 | Sewer    | Entered a sewer
  2470 | Sewer    | Noticed a crocodile
  2491 | Sewer    | Killed a crocodile
  2491 | Sewer    | Reached XP level 6. HP: 8/61 MP: 5/5
  2677 | D:4      | Found a runed door.
  2677 | D:4      | Noticed a human
  2688 | D:4      | Found a basalt altar of Yredelemnul.
  2724 | D:4      | Killed a human
  3300 | D:4      | Reached skill level 6 in Unarmed Combat
  3300 | D:4      | Reached XP level 7. HP: 70/70 MP: 6/6
  3319 | D:5      | Entered Level 5 of the Dungeon
  3346 | D:5      | Found a staircase to the Ecumenical Temple.
  3363 | Temple   | Entered the Ecumenical Temple
  3468 | D:5      | Found an iron altar of Okawaru.
  3509 | D:5      | Found a burning altar of Makhleb.
  3629 | D:5      | Reached skill level 7 in Unarmed Combat
  3743 | D:5      | Reached XP level 8. HP: 79/79 MP: 7/7
  3761 | D:5      | Found a hazy altar of Hepliaklqana.
  3882 | D:5      | Found a stormy altar of Qazlal.
  4112 | D:5      | Became a worshipper of Makhleb the Destroyer
  4112 | D:5      | Reached * piety under Makhleb
  4112 | D:5      | Reached ** piety under Makhleb
  4145 | D:6      | Found an ornate altar of the Wu Jian Council.
  4148 | D:6      | Found a shattered altar of Ashenzari.
  4156 | D:6      | Found a white marble altar of Elyvilon.
  4158 | D:6      | Found an opulent altar of Gozag.
  4158 | D:6      | Found a shimmering altar of Xom.
  4159 | D:6      | Found a deep blue altar of Sif Muna.
  4370 | D:6      | Slain by an orc warrior

Vault maps used:
D:1:      dpeg_arrival_lava_temple_mockup, minivault_25, feat_on_display
D:2:      tgw_kikubaaqudgha
D:4:      first_ration, gup_sewer_entry_bowl, serial_shops,
          kennysheep_little_box, dk_yredelemnul_ordeal
D:5:      nicolae_qazlal_eye_of_the_storm, nicolae_overflow_crystal_walls,
          minmay_temple_entry_grid, basic_altar, okawaru_trees_2
D:6:      kennysheep_mini_moat, grunt_temple_overflow_open
Temple:   eino_wide_crystal_templ
Sewer:    sewer_the_crocodile

Skill      XL: |  1  2  3  4  5  6  7 |
---------------+----------------------+-----
Unarmed Combat | 4 5 6 7 |  7.8
Fighting       | 3 4 |  4.8
Dodging        | 3 4 |  4.8
Stealth        | |  1.0

Action                   |  1- 3 |  4- 6 |  7- 9 || total
-------------------------+-------+-------+-------++-------
Melee: Unarmed           |   101 |   151 |    88 ||   340
       Punch             |     2 |     2 |     3 ||     7
Invok: Minor Destruction |       |       |     2 ||     2
Evoke: Wand              |       |     2 |       ||     2
  Use: Scroll            |       |     8 |       ||     8
       Potion            |       |     1 |       ||     1
 Stab: Sleeping          |     2 |       |     1 ||     3
  Eat: Chunk             |    18 |    15 |    12 ||    45
Armor: Robe              |    28 |    40 |    14 ||    82
Dodge: Dodged            |    45 |    74 |    53 ||   172

Table legend:
 A = Spawn XP
 B = Non-spawn XP
 C = Spawn XP percentage of total XP
 D = Spawn monster count
 E = Non-spawn monster count
 F = Spawn count percentage of total count
 G = Total turns spent on level
                    A         B        C        D         E        F      G
               +---------+---------+-------+---------+---------+-------+---------
         Total |       0 |    1869 |   0.0 |       0 |     106 |   0.0 |  4370
               +---------+---------+-------+---------+---------+-------+---------
           D:1 |       0 |      27 |   0.0 |       0 |      16 |   0.0 |   660
           D:2 |       0 |      69 |   0.0 |       0 |      19 |   0.0 |   694
           D:3 |       0 |     111 |   0.0 |       0 |      24 |   0.0 |   851
           D:4 |       0 |     488 |   0.0 |       0 |      17 |   0.0 |   895
           D:5 |       0 |     795 |   0.0 |       0 |      17 |   0.0 |   749
           D:6 |       0 |     255 |   0.0 |       0 |       7 |   0.0 |   246
         Sewer |       0 |     124 |   0.0 |       0 |       6 |   0.0 |   219
               +---------+---------+-------+---------+---------+-------+---------
